 Dungeon Crawl Stone Soup version 0.27.0-1-g7a089689b8 (webtiles) character file.

Game seed: 12115385762726274024

123438 inmateoo the Grappler (level 16, -14/164 HPs)
             Began as a Purple Draconian Transmuter on Aug 2, 2021.
             Was an Elder of Cheibriados.
             Demolished by a naga (31 damage)
             ... on level 1 of the Snake Pit.
             The game lasted 00:38:49 (26882 turns).

inmateoo the Grappler (DrTm)                       Turns: 26882, Time: 00:38:49

Health: -14/164    AC: 12    Str: 23    XL:     16   Next: 37%
Magic:  31/32      EV: 14    Int: 33    God:    Cheibriados [****..]
Gold:   27         SH:  0    Dex: 22    Spells: 24/40 levels left

rFire    x . .     SeeInvis .     - Unarmed
rCold    + + +     Faith    .   (shield currently unavailable)
rNeg     . . .     Spirit   .   (armour unavailable)
rPois    +         Reflect  .   (helmet currently unavailable)
rElec    +         Harm     .   (cloak currently unavailable)
rCorr    .         Rampage  .   (gloves currently unavailable)
Will     ++...                  (boots currently unavailable)
Stlth    ++........             C - amulet of regeneration
HPRegen  1.37/turn              M - ring "Joha" {Wiz rElec rPois}
MPRegen  0.23/turn              o - +6 ring of intelligence

@: about to teleport, ice-form, wereblooded, constricted, very slow
A: freezing attack, amphibious, boosted hp, (breathe power), AC +9, large,
unfitting armour, (cold-blooded)
a: End Transformation, Renounce Religion, Bend Time, Temporal Distortion, Slouch


You were on level 1 of the Snake Pit.
You worshipped Cheibriados.
Cheibriados was greatly pleased with you.
You were a creature of crystalline ice.
You visited 5 branches of the dungeon, and saw 25 of its levels.
You also visited: Sewer and Ice Cave.

You collected 3239 gold pieces.
You spent 3212 gold pieces at shops.

Inventory:

Missiles
 y - 2 throwing nets
Armour
 m - the +1 pair of boots of Awe (melded) {rF+ rC+}
   (You acquired it on level 3 of the Lair of Beasts)

   rF:        It protects you from fire.
   rC:        It protects you from cold.
 I - a +0 pair of gloves (melded)
 J - a +1 cloak (melded)
 K - a +2 hat (melded)
Jewellery
 o - a +6 ring of intelligence (right front paw)
 v - a ring of willpower
 z - the amulet of the Air {Inacc Air Fly rElec RMsl}
   (You found it in an ice cave)

   [amulet of nothing]

   It reduces the accuracy of all your attacks.
   It enhances your air magic.
   rElec:     It insulates you from electricity.
   Fly:       It grants you flight.
   RMsl:      It protects you from missiles.
 B - a ring of resist corrosion
 C - an amulet of regeneration (around neck)
 E - a ring of protection from fire
 G - a ring of protection from cold
 M - the ring "Joha" (left front paw) {Wiz rElec rPois}
   (You acquired it on level 2 of the Orcish Mines)

   [ring of wizardry]

   It improves your spell success rate.
   rElec:     It insulates you from electricity.
   rPois:     It protects you from poison.
Wands
 c - a wand of mindburst (10)
 j - a wand of flame (33)
 p - a wand of charming (20)
 s - a wand of iceblast (13)
 u - a wand of paralysis (11)
 F - a wand of acid (6)
 N - a wand of polymorph (6)
Scrolls
 f - 2 scrolls of silence
 l - 13 scrolls of teleportation
 n - 9 scrolls of blinking
 q - 2 scrolls of enchant weapon
 t - 13 scrolls of identify
 H - 2 scrolls of amnesia
 L - 2 scrolls of enchant armour
 P - a scroll of magic mapping
Potions
 a - 5 potions of brilliance
 b - 3 potions of heal wounds
 e - 5 potions of curing
 g - 2 potions of ambrosia
 h - 3 potions of might
 i - a potion of invisibility
 k - 8 potions of flight
 r - 6 potions of mutation
 w - 6 potions of cancellation
 x - a potion of resistance
 A - 2 potions of magic
 D - 2 potions of lignification
Miscellaneous
 d - a phial of floods
 O - a lightning rod (4/4)


   Skills:
 + Level 11.2 Fighting
 - Level 10.0 Dodging
 - Level 14.0 Unarmed Combat
 + Level 12.9 Spellcasting
 - Level 10.0 Transmutations
 - Level 5.0 Ice Magic
 - Level 10.0 Earth Magic
 - Level 5.0 Poison Magic
 - Level 8.0 Invocations
 - Level 10.0 Evocations


You had 24 spell levels left.
You knew the following spells:

 Your Spells              Type           Power      Damage    Failure   Level
a - Beastly Appendage     Tmut           100%       N/A       1%          1
b - Wereblood             Tmut           72%        N/A       1%          2
c - Spider Form           Tmut/Pois      31%        N/A       1%          3
d - Ice Form              Ice/Tmut       63%        N/A       1%          4
e - Summon Ice Beast      Ice/Summ       37%        N/A       3%          4
f - Passwall              Tmut/Erth      60%        N/A       1%          2

Your spell library contained the following spells:

 Spells                   Type           Power      Damage    Failure   Level
 Magic Dart               Conj           84%        1d7       1%          1
 Sandblast                Erth           100%       2d20      1%          1
 Call Imp                 Summ           21%        N/A       1%          2
 Slow                     Hex            21%        N/A       1%          2
 Mephitic Cloud           Conj/Pois/Air  32%        N/A       1%          3
 Ozocubu's Armour         Ice            53%        N/A       1%          3
 Stone Arrow              Conj/Erth      100%       3d13      1%          3
 Lee's Rapid Deconstruct  Erth           36%        3d19*     1%          5
 Confusing Touch          Hex            21%        N/A       2%          3
 Swiftness                Air            21%        N/A       2%          3
 Vampiric Draining        Necr           10%        2d7       2%          3
 Passage of Golubria      Tloc           N/A        N/A       9%          4
 Metabolic Englaciation   Hex/Ice        18%        N/A       9%          5
 Iron Shot                Conj/Erth      26%        9d6       16%         6
 Iskenderun's Battlesphe  Conj           21%        2d7       24%         5
 Silence                  Hex/Air        10%        N/A       24%         5
 Simulacrum               Ice/Necr       18%        N/A       41%         6
 Conjure Ball Lightning   Conj/Air       10%        3x3d6     75%         6
 Invisibility             Hex            10%        N/A       75%         6
 Spellforged Servitor     Conj/Summ      10%        N/A       99%         7
 Lehudib's Crystal Spear  Conj/Erth      26%        10d7      99%         8
 Discord                  Hex            10%        N/A       100%        8
 Disjunction              Tloc           10%        N/A       100%        8
 Animate Armour           Summ/Erth      Unusable   N/A       N/A         4

Dungeon Overview and Level Annotations

Branches:
Dungeon (15/15)            Temple (1/1) D:7            Lair (6/6) D:9
  Swamp (0/4) Lair:4        Snake (1/4) Lair:2        Slime (0/5) Lair:6
    Orc (2/2) D:9             Elf (0/3) Orc:2        Vaults (0/5) D:14
 Depths (0/5) D:15          Sewer (visited)           IceCv (visited)

Altars:
Ashenzari
Cheibriados
Dithmenos
Elyvilon
Fedhas
Gozag
Kikubaaqudgha
Makhleb
Nemelex Xobeh
Okawaru
Qazlal
Ru
Sif Muna
Trog
Uskayaw
Vehumet
Wu Jian
Xom
Yredelemnul
Zin
Jiyva
Lugonu

Shops:
D:2 !   D:8 ?   D:15 *[(=*   Orc:2 ?[?*

Portals:
Abyss: Lair:6


Innate Abilities, Weirdness & Mutations

You are a creature of crystalline ice.
You have a powerful freezing melee attack.
You are amphibious.
Your maximum health is increased.
Your armour is entirely melded.
You are incapable of wielding weapons or throwing items.
((You can breathe bolts of dispelling energy.))
((Your rich purple scales are hard. (AC +9)))
You cannot fit into any form of body armour.
((You are cold-blooded and may be slowed by cold attacks.))


Message History

The naga warrior hits you with a +0 mace!!
You closely miss the guardian serpent.
The guardian serpent is heavily wounded.
The guardian serpent misses you. The naga barely misses you.
The naga mage spits poison at you. The splash of poison hits you. You resist.
The naga mage constricts you.
Unknown command.
You hit the guardian serpent. You freeze the guardian serpent.
The guardian serpent is heavily wounded.
The guardian serpent closely misses you.
The naga warrior roars a battlecry!
The nagas go into a battle-frenzy!
The naga spits poison at you. The splash of poison hits you. You resist.
Unknown command.
You hit the guardian serpent but do no damage.
The guardian serpent is heavily wounded.
The guardian serpent casts a spell at you.
You resist with almost no effort.
The naga mage hits you but does no damage.
The naga mage constricts you.
The naga warrior hits you with a +0 mace!
The guardian serpent hits you!
Unknown command.
As you read the scroll of teleportation, it crumbles to dust.
You feel strangely unstable. The naga hits you with a +0 battleaxe!
The guardian serpent hits you! The naga mage closely misses you.
The naga mage constricts you.
The naga warrior hits you with a +0 mace.
Unknown command.
You escape the naga mage's grasp.
The guardian serpent hits you!!
The naga warrior hits you with a +0 mace!
* * * LOW HITPOINT WARNING * * *
The naga warrior grabs you.
* * * LOW HITPOINT WARNING * * *
The naga warrior constricts you.
The naga mage hits you with a +0 flail!!
* * * LOW HITPOINT WARNING * * *
The naga hits you with a +0 battleaxe!!
You die...

... #... ..........
#.... .........
..... .........
...... .........
###......
........###........
..........NS##
.........#YN.##
#...<...N..#
###.........#
#).........#
#..........#
...#.........#
..............#
.....###........
..... .......


You could see a naga warrior (curare), a guardian serpent, a naga mage (strong)
and a naga (strong).

Vanquished Creatures
  Gastronok (D:8)
  The ghost of kthxbai the Summoner, a journeyman DgIE (D:15)
  An orc warlord (Orc:1)
  A white draconian (IceCv)
  Fannar (D:12)
  A great orb of eyes (D:14)
  15 hydras
  9 boulder beetles
  A catoblepas (Lair:5)
  An anaconda (Snake:1)
  5 centaur warriors
  6 two-headed ogres
  A death knight (D:15)
  The ghost of PeterMcNeter the Blocker, a novice GnFi of Cheibriados (D:8)
  7 death yaks
  An orc high priest (Orc:2)
  4 thrashing horrors (Lair:6)
  4 hell knights (D:14)
  Sonja (Lair:2)
  A deep troll (shapeshifter) (Lair:6)
  4 wizards
  2 phantasmal warriors (D:15)
  A deep elf pyromancer (Orc:2)
  5 necromancers
  24 ugly things
  2 orc knights
  A deep elf zephyrmancer (Orc:2)
  4 cyclopes
  8 orc sorcerers
  An oklob plant (Lair:5)
  2 manticores
  2 rust devils (D:14)
  Joseph (Lair:1)
  9 elephants
  Maurice (Orc:1)
  A smoke demon (Lair:6)
  7 black mambas
  15 cane toads
  A naga mage (D:15)
  A cane toad (shapeshifter) (D:15)
  A gargoyle (D:12)
  An orange demon (D:14)
  An unseen horror (D:13)
  Maggie (D:10)
  2 ice statues (IceCv)
  9 rime drakes
  3 tengu conjurers (D:14)
  11 komodo dragons
  A freezing wraith (D:15)
  3 ancient zymes (Lair:6)
  6 trolls
  A polar bear (shapeshifter) (D:8)
  2 hornets
  6 polar bears
  5 slime creatures
  A blink frog (shapeshifter) (D:8)
  3 dream sheep (Lair:5)
  22 blink frogs
  A centaur simulacrum (D:15)
  8 small abominations (Lair:6)
  6 wyverns
  2 ynoxinuls (Lair:6)
  5 wraiths
  4 shadows
  41 yaks
  2 vampires
  2 spriggans
  2 golden eyes (shapeshifter)
  3 chaos spawn (Lair:6)
  12 basilisks
  6 vampire mosquitoes (D:12)
  2 neqoxecs (D:8)
  A large abomination (Lair:6)
  4 steam dragons
  A warg (shapeshifter) (D:15)
  8 wargs
  An acid dragon (D:13)
  3 swamp worms (Lair:4)
  A water moccasin (shapeshifter) (D:13)
  7 hell hounds (D:14)
  18 water moccasins
  27 orc warriors
  3 black bears
  2 sky beasts
  A swamp drake (Orc:2)
  A necrophage (D:5)
  2 boggarts (D:15)
  3 wolves (Lair:3)
  17 centaurs
  5 ogres
  A gnoll sergeant (D:8)
  3 kobold brigands
  9 bullfrogs
  A wyvern zombie (D:8)
  2 scorpions (D:6)
  A water moccasin zombie (D:6)
  The ghost of Crownlay the Skirmisher, a weakling HOFi (D:4)
  A lindwurm simulacrum (IceCv)
  5 killer bees (D:9)
  10 wights
  4 howler monkeys
  A crimson imp (Orc:2)
  6 centaur zombies
  5 komodo dragon simulacra (IceCv)
  3 hounds
  25 orc priests
  A jelly (D:4)
  A gnoll shaman (D:4)
  2 centaur skeletons
  6 iguanas
  An iron imp (Orc:2)
  Ijyb (D:3)
  42 orc wizards
  5 hell rats (Lair:6)
  A killer bee zombie (D:9)
  A hound skeleton (D:4)
  Robin (D:2)
  2 howler monkey zombies (D:5)
  4 adders
  9 acid dragon simulacra (IceCv)
  4 gnolls (D:5)
  A shadow imp (Orc:2)
  5 white imps
  6 steam dragon simulacra (IceCv)
  8 worms
  2 dart slugs (D:2)
  79 orcs
  9 bats
  9 endoplasms
  8 giant cockroaches
  11 goblins
  9 hobgoblins
  12 jackals
  8 quokkas
  A ball python (shapeshifter) (D:8)
  6 ball pythons
  3 frilled lizards
  28 kobolds
  5 rats
804 creatures vanquished.

Vanquished Creatures (collateral kills)
  A death yak (Lair:3)
  An unseen horror (D:12)
  A vampire mosquito (D:12)
  A bullfrog (Lair:3)
  3 orc priests (D:9)
  An orc wizard (D:9)
  3 orcs
11 creatures vanquished.

Vanquished Creatures (others)
  An orc knight (D:15)
  An ugly thing (D:15)
  A cyclops (D:15)
  An orc warrior (D:9)
  A human (D:5)
  19 fungi
  28 plants
52 creatures vanquished.

Grand Total: 867 creatures vanquished

Notes
Turn   | Place    | Note
-------+----------+-------------------------------------------
     0 | D:1      | inmateoo the Draconian Transmuter began the quest for the
                  | Orb.
     0 | D:1      | Reached XP level 1. HP: 16/16 MP: 3/3
   302 | D:1      | Reached XP level 2. HP: 23/23 MP: 3/5
   526 | D:1      | Found a faded altar of an unknown god.
   642 | D:2      | Learned a level 2 spell: Wereblood
   770 | D:2      | Reached XP level 3. HP: 29/29 MP: 3/6
   880 | D:2      | Noticed Robin
   899 | D:2      | Killed Robin
   960 | D:2      | Reached XP level 4. HP: 31/36 MP: 7/7
   971 | D:2      | Found Qucher's Distillery.
   995 | D:2      | Bought a potion of curing for 42 gold pieces
  1847 | D:3      | Noticed Ijyb
  1864 | D:3      | Killed Ijyb
  1877 | D:3      | Reached XP level 5. HP: 41/42 MP: 6/9
  2161 | D:2      | Learned a level 3 spell: Spider Form
  2464 | D:3      | Found a basalt altar of Yredelemnul.
  2464 | D:3      | Found a blossoming altar of Fedhas.
  2498 | D:3      | Found a broken altar of Ashenzari.
  2608 | D:4      | Found a sacrificial altar of Ru.
  2767 | D:4      | Reached skill level 4 in Unarmed Combat
  2801 | D:4      | Found a runed translucent gate.
  2805 | D:4      | Found a runed translucent gate.
  2805 | D:4      | Found a runed translucent gate.
  2806 | D:4      | Found an opulent altar of Gozag.
  2807 | D:4      | Noticed Crownlay's ghost (weakling HOFi)
  2816 | D:4      | Found a glowing drain.
  2852 | Sewer    | Entered a sewer
  2904 | Sewer    | Reached XP level 6. HP: 46/51 MP: 6/10
  4373 | D:5      | Entered Level 5 of the Dungeon
  4443 | D:5      | Found an iron altar of Okawaru.
  4480 | D:5      | Your scales start taking on a rich purple colour.
  4480 | D:5      | Reached XP level 7. HP: 31/58 MP: 8/13
  4808 | D:5      | Reached skill level 5 in Unarmed Combat
  5804 | D:5      | Reached skill level 1 in Poison Magic
  5839 | D:5      | Found an ancient bone altar of Kikubaaqudgha.
  5840 | D:5      | Noticed a human
  5843 | D:5      | Killed a human
  5871 | D:5      | Reached skill level 5 in Spellcasting
  6101 | D:5      | Noticed a two-headed ogre
  6101 | D:5      | Noticed a shadow
  6110 | D:5      | Killed a shadow
  6111 | D:5      | Reached XP level 8. HP: 67/67 MP: 15/15
  6114 | D:5      | Killed a two-headed ogre
  6115 | D:5      | Reached skill level 5 in Fighting
  6115 | D:5      | Reached skill level 6 in Unarmed Combat
  6115 | D:5      | Reached skill level 5 in Transmutations
  6277 | D:6      | Reached skill level 5 in Poison Magic
  6379 | D:6      | Reached skill level 1 in Evocations
  6387 | D:6      | Reached XP level 9. HP: 44/74 MP: 14/16
  7048 | D:6      | Learned a level 4 spell: Ice Form
  7433 | D:6      | Found a radiant altar of Vehumet.
  7496 | D:6      | Reached skill level 1 in Ice Magic
  7851 | D:7      | Found a staircase to the Ecumenical Temple.
  7916 | Temple   | Entered the Ecumenical Temple
  7964 | Temple   | Became a worshipper of Cheibriados the Contemplative
  8438 | D:7      | Reached skill level 5 in Dodging
  8477 | D:7      | Reached * piety under Cheibriados
  8650 | D:7      | Found a shimmering blue altar of Sif Muna.
  8869 | D:8      | Found a runed translucent gate.
  8869 | D:8      | Found a runed translucent gate.
  8869 | D:8      | Found a runed translucent gate.
  8870 | D:8      | Noticed a green ugly thing
  8877 | D:8      | Reached skill level 7 in Unarmed Combat
  8879 | D:8      | Noticed a red ugly thing
  8881 | D:8      | Noticed a white ugly thing
  9149 | D:8      | Noticed a green ugly thing
  9166 | D:8      | Found a hide-covered altar of Uskayaw.
  9169 | D:8      | Noticed a white ugly thing
  9302 | D:8      | Reached XP level 10. HP: 59/83 MP: 15/20
  9336 | D:8      | Found Uppoid's Magic Scroll Boutique.
  9629 | D:8      | Noticed Gastronok
  9648 | D:8      | HP: 3/82 [Gastronok (36)]
  9649 | D:8      | Killed Gastronok
  9650 | D:8      | Reached skill level 8 in Unarmed Combat
  9650 | D:8      | Reached skill level 5 in Ice Magic
  9650 | D:8      | Reached skill level 1 in Invocations
 10229 | D:8      | Reached ** piety under Cheibriados
 10277 | D:8      | Found a shimmering altar of Xom.
 10438 | D:9      | Noticed a two-headed ogre
 10450 | D:9      | Killed a two-headed ogre
 10451 | D:9      | Reached XP level 11. HP: 52/91 MP: 20/22
 10731 | D:9      | Reached *** piety under Cheibriados
 10741 | D:9      | Found a staircase to the Orcish Mines.
 11486 | D:9      | Found a staircase to the Lair.
 11716 | D:9      | Reached **** piety under Cheibriados
 11747 | D:9      | Found an ornate altar of the Wu Jian Council.
 11751 | D:9      | Reached skill level 9 in Unarmed Combat
 12181 | D:10     | Entered Level 10 of the Dungeon
 12193 | D:10     | Noticed Maggie
 12215 | D:10     | Killed Maggie
 12324 | D:10     | Noticed a two-headed ogre
 12334 | D:10     | Killed a two-headed ogre
 12520 | D:10     | Found an opulent altar of Gozag.
 12861 | D:11     | Found a frozen archway.
 12869 | D:11     | Identified the +0 pair of gloves "Tadyno" {Rampage rF- rC+
                  | Str+2}
 12877 | IceCv    | Entered an ice cave
 12931 | IceCv    | Reached skill level 5 in Invocations
 13103 | IceCv    | Reached ***** piety under Cheibriados
 13127 | IceCv    | Noticed a white draconian
 13128 | IceCv    | Found the amulet of the Air {Inacc Air Fly rElec RMsl}
 13141 | IceCv    | Killed a white draconian
 13142 | IceCv    | Reached XP level 12. HP: 70/101 MP: 22/25
 13169 | IceCv    | Got Kigegh's Grimoire of Cold
 13200 | IceCv    | Identified the ring "Loxzoph" {Int+4 Dex+6}
 13305 | D:11     | Paralysed by a hornet for 2 turns
 13559 | D:11     | Learned a level 4 spell: Summon Ice Beast
 14047 | D:12     | Noticed Fannar
 14075 | D:12     | Killed Fannar
 14078 | D:12     | Reached skill level 10 in Unarmed Combat
 14388 | D:12     | Noticed a boulder beetle
 14425 | D:12     | Reached skill level 10 in Spellcasting
 14435 | D:12     | Killed a boulder beetle
 14995 | D:13     | Noticed a centaur warrior
 15001 | D:13     | Killed a centaur warrior
 15162 | D:13     | Noticed a six-headed hydra
 15169 | D:13     | Killed a six-headed hydra
 15217 | D:13     | Noticed a two-headed ogre
 15223 | D:13     | Killed a two-headed ogre
 15264 | D:13     | Noticed an eight-headed hydra
 15269 | D:13     | Killed an eight-headed hydra
 15270 | D:13     | Reached skill level 10 in Transmutations
 15343 | D:13     | Noticed a boulder beetle
 15361 | D:13     | Killed a boulder beetle
 15475 | D:13     | Noticed a centaur warrior
 15486 | D:13     | Killed a centaur warrior
 15487 | D:13     | Reached XP level 13. HP: 107/107 MP: 23/27
 16035 | D:14     | Found a runed translucent door.
 16334 | D:14     | Reached skill level 5 in Evocations
 16408 | D:14     | Found a gate to the Vaults.
 16637 | D:14     | Found a bloodstained altar of Trog.
 17352 | Lair:1   | Entered Level 1 of the Lair of Beasts
 17670 | Lair:1   | Noticed Joseph
 17890 | Lair:1   | Killed Joseph
 18209 | Lair:2   | Noticed Sonja
 18211 | Lair:2   | Killed Sonja
 18254 | Lair:2   | Reached skill level 11 in Unarmed Combat
 18327 | Lair:2   | Found a staircase to the Snake Pit.
 18597 | Lair:2   | Reached XP level 14. HP: 119/119 MP: 24/29
 19032 | Lair:3   | Identified a scroll of acquirement
 19032 | Lair:3   | Acquired the +1 pair of boots of Awe {rF+ rC+}
 19370 | Lair:3   | Reached skill level 10 in Fighting
 20129 | Lair:4   | Found a staircase to the Swamp.
 20423 | Lair:4   | Reached ****** piety under Cheibriados
 20915 | Lair:5   | Reached skill level 12 in Unarmed Combat
 21484 | Lair:5   | Reached skill level 10 in Dodging
 21648 | Lair:6   | Entered Level 6 of the Lair of Beasts
 21715 | Lair:6   | Reached XP level 15. HP: 126/126 MP: 31/31
 21720 | Lair:6   | Reached skill level 10 in Evocations
 21849 | Lair:6   | Reached skill level 13 in Unarmed Combat
 22051 | Lair:6   | Found a sacrificial altar of Ru.
 22487 | Lair:6   | Reached skill level 14 in Unarmed Combat
 22487 | Lair:6   | Reached skill level 1 in Earth Magic
 22555 | Lair:6   | Found a corrupted altar of Lugonu.
 22555 | Lair:6   | Found a one-way gate to the infinite horrors of the Abyss.
 22804 | Lair:6   | Found a viscous altar of Jiyva.
 22804 | Lair:6   | Found a staircase to the Slime Pits.
 23294 | D:4      | Killed Crownlay's ghost
 23402 | D:8      | Reached skill level 5 in Earth Magic
 23424 | D:8      | Found a runed translucent gate.
 23424 | D:8      | Found a runed translucent gate.
 23429 | D:8      | Found a runed translucent gate.
 23429 | D:8      | Noticed PeterMcNeter's ghost (novice GnFi)
 23456 | D:8      | Killed PeterMcNeter's ghost
 23530 | Orc:1    | Entered Level 1 of the Orcish Mines
 23793 | Orc:2    | Entered Level 2 of the Orcish Mines
 24005 | Orc:2    | Found Nuasmism's Magic Scroll Boutique.
 24005 | Orc:2    | Found Janibah's Magic Scroll Shop.
 24006 | Orc:2    | Found Qoitryj's Armour Shop.
 24012 | Orc:2    | Found Ubroabij's Assorted Antiques.
 24018 | Orc:2    | Bought 2 scrolls of blinking for 465 gold pieces
 24171 | Orc:2    | Found a staircase to the Elven Halls.
 24752 | Orc:1    | Noticed an orc warlord
 24754 | Orc:1    | Noticed Maurice
 24825 | Orc:1    | Killed Maurice
 24832 | Orc:1    | Killed an orc warlord
 25031 | Orc:2    | Bought a scroll of identify for 32 gold pieces
 25031 | Orc:2    | Bought 3 scrolls of teleportation for 144 gold pieces
 25031 | Orc:2    | Bought a scroll of teleportation for 48 gold pieces
 25031 | Orc:2    | Bought 3 scrolls of blinking for 360 gold pieces
 25031 | Orc:2    | Bought a scroll of teleportation for 48 gold pieces
 25032 | Orc:2    | Bought a scroll of enchant armour for 120 gold pieces
 25032 | Orc:2    | Bought a scroll of teleportation for 48 gold pieces
 25032 | Orc:2    | Bought a scroll of blinking for 120 gold pieces
 25032 | Orc:2    | Bought a scroll of enchant armour for 120 gold pieces
 25032 | Orc:2    | Bought a scroll of acquirement for 832 gold pieces
 25032 | Orc:2    | Bought 3 scrolls of identify for 96 gold pieces
 25032 | Orc:2    | Bought a scroll of identify for 32 gold pieces
 25033 | Orc:2    | Acquired the ring "Joha" {Wiz rElec rPois}
 25210 | D:14     | Learned a level 2 spell: Passwall
 25295 | D:14     | Reached XP level 16. HP: 79/134 MP: 14/32
 25521 | D:15     | Entered Level 15 of the Dungeon
 25523 | D:15     | Found Xekhin's Jewellery Shop.
 25592 | D:15     | Found Corrukiw's Assorted Antiques.
 25598 | D:15     | Bought a potion of curing for 129 gold pieces
 25598 | D:15     | Bought a potion of heal wounds for 215 gold pieces
 25598 | D:15     | Bought a scroll of teleportation for 129 gold pieces
 25600 | D:15     | Found a runed translucent gate.
 25601 | D:15     | Found a runed translucent gate.
 25601 | D:15     | Found a runed translucent gate.
 25602 | D:15     | Noticed kthxbai's ghost (journeyman DgIE)
 25630 | D:15     | Found Ycyum's Antique Weapon Shop.
 25664 | D:15     | Reached skill level 10 in Earth Magic
 25665 | D:15     | HP: 5/160 [boulder beetle (19)]
 26137 | D:15     | Found a staircase to the Depths.
 26389 | D:15     | Found Zoateil's Assorted Antiques.
 26403 | D:15     | Bought a scroll of blinking for 232 gold pieces
 26412 | D:15     | Found Foofou's Antique Armour Emporium.
 26464 | D:15     | Killed kthxbai's ghost
 26603 | D:15     | Identified the +0 pair of boots of Norygauj {-Cast rElec
                  | rC+}
 26807 | Snake:1  | Entered Level 1 of the Snake Pit
 26882 | Snake:1  | Demolished by a naga

Illustrated notes

Levels and vault maps discovered:
D:1:      mrwooster_arrival_statue, layout_loops_ring,
          hellmonk_ecumenical_altar_prayer_group, kennysheep_flooded_box
D:2:      layout_loops_ring, serial_shops, nicolae_shop_waterfront, uniq_robin
D:3:      minmay_skewed_foursquare, layout_rooms, ashenzari_conservatory_becter,
          gammafunk_temple_overflow_elements, uniq_ijyb
D:4:      layout_basic, nicolae_ru_great_annihilating_truth,
          ebering_ghost_gozag, cheibrodos_sewer_entry_sluice
D:5:      kennysheep_big_flooded_room, layout_basic,
          nicolae_overflow_crystal_walls, tgw_kikubaaqudgha
D:6:      layout_loops_ring, lemuel_tele_altar
D:7:      layout_loops_ring, lemuel_blue_sif_altar, minmay_temple_entry_wispy,
          nrook_campfire
D:8:      layout_rooms, tgw_xom, amcnicky_altar_gilded,
          ploomutoo_gammafunk_ghost_potion_laboratory, serial_shops,
          nicolae_diamond_shop, uniq_gastronok
D:9:      layout_roguey, lemuel_coloured_pillars_altar, lair_entry_dummy,
          david_orc_4, nzn_random_ring
D:10:     layout_loops_ring, grunt_gozag_breadcrumbs, uniq_maggie
D:11:     layout_basic, portal_ice_cave_entry_pillars_2
D:12:     layout_loops_ring, enter_bailey_6, uniq_fannar
D:13:     layout_loops_ring, minivault_16
D:14:     mludivico_vault, layout_irregular_city, david_vaults_1, bloody_trog
D:15:     grunt_enter_depths_magical_seal, layout_basic, serial_shops,
          nicolae_shop_overgrown_old_shop, nicolae_lakefront_shop, shop,
          nicolae_shop_overgrown_old_shop, shop, gammafunk_ghost_tricky_traps,
          chequers_serial_rivers_small_a
Temple:   jpeg_temple_alley_garden
Lair:1:   layout_concentric_octagons, uniq_joseph
Lair:2:   layout_roguey, minmay_snake_entry_six_corridors, uniq_sonja
Lair:3:   layout_small_grid, grunt_forest_stairs_clearing
Lair:4:   layout_small_grid, palyth_hydra_swamp_entry
Lair:5:   nzn_winding_woodlands_large [nzn_winding_woodlands_5x5_perimeter,
          nzn_winding_woodlands_5x15_pool, nzn_winding_woodlands_hourglass,
          nzn_winding_woodlands_center_triple_pond,
          nzn_winding_woodlands_15x15_killbox,
          nzn_winding_woodlands_center_lodge,
          nzn_winding_woodlands_5x5_checkerboard,
          nzn_winding_woodlands_5x15_crooked, nzn_winding_woodlands_5x5_three],
          layout_regular_city
Lair:6:   hellmonk_lair_end_abyssal_woods, layout_cave_pods,
          dpeg_slime_entry_enclosed_altar, basic_altar, grunt_megastairs_1
Snake:1:  layout_chambers, uniq_nikola, uniq_rupert, uniq_aizul
Orc:1:    layout_caves, uniq_maurice
Orc:2:    st_orc_mages, layout_caves, nicolae_orc_sculptors_studio,
          hangedman_minor_magic

Skill      XL: |  1  2  3  4  5  6  7  8  9 10 11 12 13 14 15 16 |
---------------+-------------------------------------------------+-----
Dodging        | 2 3 4 5 6 7 8 10 | 10.0
Fighting       | 2 3 4 5 6 8 9 10 11 | 11.2
Transmutations | 3 4 5 7 10 | 10.0
Spellcasting   | 3 4 5 6 7 9 10 11 12 | 12.9
Unarmed Combat | 4 5 6 7 8 9 10 11 12 14 | 14.0
Poison Magic   | 1 5 |  5.0
Evocations     | 1 4 6 9 10 | 10.0
Ice Magic      | 3 5 |  5.0
Invocations    | 2 5 8 |  8.0
Earth Magic    | 9 10 | 10.0

Action                   |  1- 3 |  4- 6 |  7- 9 | 10-12 | 13-15 | 16-18 || total
-------------------------+-------+-------+-------+-------+-------+-------++-------
Melee: Unarmed           |   101 |   340 |   270 |   479 |   899 |   122 ||  2211
       Headbutt          |    12 |    17 |     1 |       |     7 |       ||    37
       Kick              |    11 |    25 |     4 |       |    10 |       ||    50
       Tailslap          |     9 |    26 |    19 |     6 |    19 |       ||    79
       Punch             |       |     3 |     5 |     2 |    10 |       ||    20
 Cast: Beastly Appendage |    13 |    18 |     2 |       |     6 |       ||    39
       Wereblood         |     4 |    16 |     5 |    26 |    35 |     5 ||    91
       Spider Form       |       |     7 |    24 |     4 |       |     1 ||    36
       Ice Form          |       |       |       |    31 |    63 |     8 ||   102
       Summon Ice Beast  |       |       |       |     2 |     3 |       ||     5
Invok: Slouch            |       |       |       |     3 |    10 |     8 ||    21
       Temporal Distorti |       |       |       |       |     2 |       ||     2
 Abil: Breathe Dispellin |       |       |     3 |       |     1 |       ||     4
       End Transformatio |       |       |     1 |     1 |     1 |       ||     3
Evoke: Wand              |       |       |     3 |    17 |    21 |       ||    41
       Phial of floods   |       |       |       |     1 |     1 |       ||     2
  Use: Scroll            |       |     3 |    12 |     9 |    12 |     3 ||    39
       Potion            |       |     1 |     2 |       |     1 |       ||     4
 Stab: Sleeping          |       |     3 |       |       |     8 |       ||    11
       Paralysed         |       |     4 |       |       |       |       ||     4
       Distracted        |       |       |       |     1 |     3 |       ||     4
       Petrified         |       |       |       |       |     4 |       ||     4
Armor: Skin              |    23 |   138 |    35 |   170 |   260 |    42 ||   668
Dodge: Dodged            |    47 |   287 |   185 |   462 |   788 |    89 ||  1858
Block: Other             |       |       |    42 |    43 |       |       ||    85
       Reflection        |       |       |     2 |     5 |       |       ||     7
